 Dungeon Crawl Stone Soup version 0.31-a0-344-gd109795599 (webtiles) character file.

Game seed: 6836463793695244446

221 Crownlay the Magician (level 5, -5/28 HPs)
             Began as a Deep Elf Summoner on July 21, 2023.
             Slain by a killer bee (8 damage)
             ... on level 5 of the Dungeon.
             The game lasted 00:09:09 (2701 turns).

Crownlay the Magician (Deep Elf Summoner)           Turns: 2701, Time: 00:09:10

Health: -5/28      AC:  4    Str:  5    XL:     5   Next: 65%
Magic:  13/15      EV: 12    Int: 22    God:
Gold:   249        SH:  0    Dex: 15    Spells: 9/15 levels left

rFire   . . .        g - +1 dagger (venom)
rCold   . . .        (no shield)
rNeg    . . .        a - +0 robe
rPois   .            (no helmet)
rElec   .            l - +0 cloak
rCorr   .            f - +0 pair of gloves
SInv    .            (no boots)
Will    .....        (no amulet)
Stlth   ++           (no ring)
HPRegen 0.24/turn    (no ring)
MPRegen 0.14/turn

%: no passive effects
@: no status effects
A: no striking features
a: no special abilities


You were on level 5 of the Dungeon.
You visited 1 branch of the dungeon, and saw 5 of its levels.

You collected 249 gold pieces.

Inventory:

Hand Weapons
 g - a +1 dagger of venom (weapon)
Armour
 a - a +0 robe (worn)
 f - a +0 pair of gloves (worn)
 l - a +0 cloak (worn)
Magical Staves
 n - a staff of conjuration
 t - a staff of death
Scrolls
 c - a scroll of noise
 e - a scroll of amnesia
 h - a scroll of poison {unknown}
 i - a scroll of fear {unknown}
 j - a scroll of fog
 k - a scroll of vulnerability {unknown}
 m - a scroll of torment {unknown}
 o - a scroll of blinking {unknown}
 q - a scroll of silence {unknown}
 r - a scroll of revelation {unknown}
Potions
 b - a potion of magic
 d - a potion of heal wounds {unknown}
 s - a potion of curing {unknown}


   Skills:
 - Level 2.4 Dodging
 - Level 2.4 Stealth
 * Level 5.9 Spellcasting
 + Level 5.3 Summonings
 + Level 2.3 Necromancy
 + Level 1.7 Earth Magic


You had 9 spell levels left.
You knew the following spells:

 Your Spells              Type           Power      Damage    Failure   Level
a - Summon Small Mammal   Summ           100%       N/A       1%          1
b - Call Imp              Summ           60%        N/A       1%          2
c - Call Canine Familiar  Summ           30%        N/A       3%          3

Your spell library contained the following spells:

 Spells                   Type           Power      Damage    Failure   Level
 Summon Guardian Golem    Hex/Summ       18%        N/A       9%          3
 Lesser Beckoning         Tloc           12%        N/A       14%         2
 Gell's Gravitas          Tloc           6%         N/A       28%         3
 Portal Projectile        Hex/Tloc       12%        N/A       28%         3
 Teleport Other           Tloc           6%         N/A       28%         3
 Tukima's Dance           Hex            6%         N/A       28%         3
 Summon Lightning Spire   Summ/Air       18%        N/A       30%         4
 Leda's Liquefaction      Hex/Erth       5%         N/A       54%         4
 Iskenderun's Mystic Bla  Conj/Tloc      6%         2d4       67%         4
 Borgnjor's Vile Clutch   Necr/Erth      7%         N/A       73%         5
 Alistair's Intoxication  Tmut/Pois      4%         N/A       95%         5
 Eringya's Noxious Bog    Tmut/Pois      3%         4d6       100%        6


Dungeon Overview and Level Annotations

Branches:
Dungeon (6/15)
 Temple: D:4-7

Altars:
Okawaru


Message History

Your cerulean imp hits the adder with a -1 spear.
The adder misses your cerulean imp.
Your hound closely misses the adder.
Your hound bites the adder.
The adder dies!
You now have 249 gold pieces (gained 14).
There is an escape hatch in the ceiling here.
A mysterious force pulls you upwards. The hatch slams shut behind you.
Your summoned allies are left behind.
The killer bee buzzes angrily. x4; You hear a shout! x3; You hear a bark!
You hear a shout!
Found 8 gold pieces.
As you read the scroll labelled IXETSIK BAIQEY, it crumbles to dust.
It is a scroll of amnesia.
Really abort (and waste the scroll)?
Okay, then.
The killer bee barely misses you. The killer bee stings you!
A gnoll comes into view. It is wielding a +0 flail.
The killer bee stings you but does no damage. x2
The killer bee barely misses you. The killer bee stings you.
As you read the scroll labelled APICOIGHEWK, it dissolves into smoke.
It was a scroll of fog.
The hound pauses to sniff the ground.
The killer bee stings you!
* * * LOW HITPOINT WARNING * * *
The killer bee misses you. The killer bee closely misses you. x2
The killer bee stings you.
* * * LOW HITPOINT WARNING * * *
The killer bee barely misses you. The killer bee misses you.
The killer bee barely misses you. The killer bee closely misses you.
The killer bee barely misses you.
A shadow imp comes into view.
Okay, then.
Okay, then.
As you read the scroll labelled ISEIBB GIPPA, it crumbles to dust.
It is a scroll of identify.
c - a scroll of noise The killer bee barely misses you.
The killer bee stings you.
* * * LOW HITPOINT WARNING * * *
The killer bee closely misses you. x2; The killer bee stings you!
You die...

## ##.#
## 5..#
#y#yg.#
#@yS.#
#.§yyh.#
#..f§§.#
#.......#
#########


You could see a sleepcap, a hound, 5 killer bees, a gnoll, an adder and a shadow
imp.

Vanquished Creatures
  A black bear (D:3)
  An adder (D:2)
  A bat (D:2)
  2 giant cockroaches
  A goblin (D:2)
  2 hobgoblins
  A kobold (D:2)
  A quokka (D:1)
  A ball python (D:1)
  2 frilled lizards
  2 rats
15 creatures vanquished.

Vanquished Creatures (collateral kills)
  4 gnolls (D:3)
  2 adders
  A white imp (D:6)
  3 dart slugs
  4 endoplasms
  A giant cockroach (D:3)
  A goblin (D:2)
  4 hobgoblins
  4 jackals (D:1)
  2 quokkas (D:1)
  4 ball pythons
  3 frilled lizards
  6 kobolds
  2 rats (D:2)
41 creatures vanquished.

Grand Total: 56 creatures vanquished

Notes
Turn   | Place    | Note
-------+----------+-------------------------------------------
     0 | D:1      | Crownlay the Deep Elf Summoner began the quest for the Orb.
     0 | D:1      | Reached XP level 1. HP: 10/10 MP: 6/6
   274 | D:1      | Reached XP level 2. HP: 15/15 MP: 5/8
   277 | D:1      | Learned a level 2 spell: Call Imp
  1309 | D:2      | Reached XP level 3. HP: 19/19 MP: 6/11
  1327 | D:2      | Learned a level 3 spell: Call Canine Familiar
  1556 | D:2      | Reached skill level 1 in Necromancy
  1986 | D:2      | Identified the +0 ring mail of the First Snow {rC+ rN++
                  | Dex+3}
  2320 | D:3      | Reached XP level 4. HP: 24/24 MP: 7/12
  2326 | D:3      | Reached skill level 5 in Summonings
  2415 | D:3      | Noticed a black bear
  2438 | D:3      | Killed a black bear
  2439 | D:3      | Reached skill level 5 in Spellcasting
  2439 | D:3      | Reached skill level 1 in Earth Magic
  2439 | D:3      | Reached XP level 5. HP: 25/28 MP: 1/15
  2659 | D:3      | You fall into a shaft and drop 3 floors!
  2678 | D:6      | Found an iron altar of Okawaru.
  2698 | D:5      | Entered Level 5 of the Dungeon
  2701 | D:5      | Slain by a killer bee

Illustrated notes

Levels and vault maps discovered:
D:1:      dpeg_arrival_three_same_balls, layout_loops_corners,
          nicolae_hexahallways
D:2:      layout_loops_ring, kennysheep_cross_room, minmay_gold_behind_fungi
D:3:      layout_loops_ring, fedhas_altar_fruit_tree,
          chequers_serial_rivers_small_b, kennysheep_generic_room_11
D:5:      minmay_chambers_of_threes, layout_loops_cross, minmay_fire_ice_demons,
          uniq_edmund, uniq_duvessa, uniq_prince_ribbit1
D:6:      layout_basic, mainiacjoe_overflow_catch_the_wave,
          kiku_gazebo_garden_becter, nicolae_overflow_hidden_temple,
          uniq_menkaure, uniq_crazy_yiuf_cottage

Skill      XL: |  1  2  3  4 |
---------------+-------------+-----
Spellcasting   | 4 5 |  5.9
Necromancy     | 1 2 |  2.3
Summonings     | 5 |  5.3
Earth Magic    | 1 |  1.7
Dodging        | |  2.4
Stealth        | |  2.4

Action                     |  1- 3 |  4- 6 || total
---------------------------+-------+-------++-------
  Melee: Dagger            |    46 |     6 ||    52
   Cast: Summon Small Mamm |    30 |     4 ||    34
         Call Imp          |    11 |     5 ||    16
         Call Canine Famil |     7 |     5 ||    12
    Use: Scroll            |       |     3 ||     3
   Stab: Sleeping          |     2 |       ||     2
         Distracted        |     1 |       ||     1
 Armour: Robe              |     6 |     5 ||    11
  Dodge: Dodged            |    25 |    16 ||    41

Table legend: (Time is in decaauts)
 A = Elapsed time spent in this place.
 B = Non-inter-level travel time spent in this place.
 C = Inter-level travel time spent in this place.
 D = Time resting spent in this place.
 E = Time spent auto-exploring this place.
 F = Levels seen in this place.
 G = Mean time per level.
                   A        B        C        D        E       F      G
               +--------+--------+--------+--------+--------+-----+--------+
         Total |   2700 |   2615 |     85 |      0 |   1888 |   5 |  540.0 |
       Dungeon |   2700 |   2615 |     85 |      0 |   1888 |   5 |  540.0 |
               +--------+--------+--------+--------+--------+-----+--------+

Top non-repeatable levels by time:
     D:1: 1193 daAuts
     D:2: 1011 daAuts
     D:3: 454 daAuts
     D:6: 38 daAuts
     D:5: 2 daAuts
